 Dungeon Crawl Stone Soup version 0.21.1-1-g345015f (webtiles) character file.

450 tyranidshit the Skirmisher (level 6, -13/56 HPs)
             Began as a Demonspawn Abyssal Knight on July 30, 2018.
             Was a Believer of Lugonu.
             Killed from afar by lorenzova's ghost (18 damage)
             ... with an orb of energy
             ... on level 4 of the Dungeon.
             The game lasted 00:08:42 (2652 turns).

tyranidshit the Skirmisher (DsAK)                   Turns: 2652, Time: 00:08:42

Health: -13/56     AC:  7    Str: 13 (14) XL:     6   Next: 74%
Magic:  0/7        EV:  9    Int: 13 (14) God:    Lugonu [**....]
Gold:   177        SH:  4    Dex: 11 (12) Spells: 5/5 levels left

rFire    . . .     SeeInvis .   a - +1 hand axe
rCold    . . .     Gourm    .   (no shield)
rNeg     . . .     Faith    .   e - +1 scale mail
rPois    .         Spirit   +   (no helmet)
rElec    .         Reflect  .   f - scarf {Spirit}
rCorr    .         Harm     .   (no gloves)
MR       .....                  (no boots)
Stlth    ..........             (no amulet)
HPRegen  0.18/turn              (no ring)
MPRegen  0.10/turn              (no ring)

@: no status effects
A: talons 1, large bone plates 1, powered by death 1
a: Depart the Abyss, Bend Space, Renounce Religion


You were on level 4 of the Dungeon.
You worshipped Lugonu.
Lugonu was pleased with you.
You were not hungry.

You visited 1 branch of the dungeon, and saw 4 of its levels.
You visited the Abyss 1 time.

You collected 177 gold pieces.

Inventory:

Hand Weapons
 a - a +1 hand axe (weapon)
Armour
 b - a +0 leather armour
 d - a +0 ring mail
 e - a +1 scale mail (worn)
 f - a scarf of spirit shield (worn)
Wands
 l - a wand of random effects (34)
Scrolls
 h - 2 scrolls of identify
 i - a scroll of remove curse
Comestibles
 c - 9 rations


   Skills:
 + Level 7.7 Fighting
 - Level 1.7 Axes
 - Level 1.7 Armour
 - Level 0.8 Dodging
 - Level 2.4 Invocations


You had 5 spell levels left.
You didn't know any spells.

Dungeon Overview and Level Annotations

Branches:
Dungeon (4/15)             Temple (0/1) D:4

Altars:
Dithmenos
Nemelex Xobeh
Qazlal
Sif Muna

Shops:
D:4 =

Annotations:
D:3 Limpidissima's ghost, amateur MiFi
D:4 lorenzova's ghost, amateur DECj


Innate Abilities, Weirdness & Mutations

You have sharp toenails.
You are partially covered in large bone plates. (SH +4)
You regenerate a little health from kills.


Message History

The magic dart hits you!
Found a chain mail.
Lorenzova's ghost gestures at you while chanting.
The orb of energy misses you.
The orb of energy explodes!
You see here an amethyst potion.
g - an amethyst potion It was a potion of degeneration.
There was something very wrong with that liquid.
You feel weakened.
You feel dopey.
You feel clumsy.
Lorenzova's ghost whispers, "They're coming for you..."
Lorenzova's ghost points at you and mumbles some strange words.
The magic dart hits you!
Lorenzova's ghost points at you and mumbles some strange words.
The magic dart hits you!
Lorenzova's ghost points at you and mumbles some strange words.
The orb of energy hits you!
* * * LOW HITPOINT WARNING * * *
Lorenzova's ghost casts a spell at you. The orb of energy hits you!
You die...

.###.#.#
#.#####.#..#
.....#.# #.#
#.#..#### ######.#
#.# #........ #.#
#W# #....#### #.#
#.# ##.#.# #.# #.#
#.#.# #.###.##
##.#.#
#.##..W####....#
#..........@...#
####...####...##
##.## ##.## #.# #.#
#.######.##
#.........#
########..#######.#
#..........#
#########
#...########


You could see lorenzova's ghost.

Vanquished Creatures
  A phantom (D:3)
  An ogre (D:4)
  A scorpion (D:4)
  An orc wizard (D:2)
  Ijyb (D:2)
  A hound skeleton (D:4)
  5 adders
  An ooze (D:2)
  3 dart slugs
  3 worms
  2 leopard geckos (D:2)
  9 orcs
  12 giant cockroaches
  8 goblins
  13 hobgoblins
  2 jackals (D:3)
  2 quokkas
  A ball python (D:1)
  5 bats
  3 frilled lizards
  7 kobolds
  6 rats
88 creatures vanquished.

Vanquished Creatures (others)
  2 starspawn tentacles (Abyss:2)
2 creatures vanquished.

Grand Total: 90 creatures vanquished

Notes
Turn   | Place    | Note
-------+----------+-------------------------------------------
     0 | Abyss:1  | tyranidshit the Demonspawn Abyssal Knight began the quest for the Orb.
     0 | Abyss:1  | Reached XP level 1. HP: 18/18 MP: 2/2
    15 | Abyss:2  | Noticed a fire bat
    28 | Abyss:2  | Noticed a tentacled starspawn
    41 | D:1      | Escaped the Abyss
   174 | D:1      | Gained mutation: You have sharp toenails. [demonic ancestry]
   174 | D:1      | Reached XP level 2. HP: 4/24 MP: 3/3
   251 | D:1      | Reached * piety under Lugonu
   419 | D:1      | Reached skill level 4 in Fighting
   610 | D:1      | Reached XP level 3. HP: 30/30 MP: 4/4
  1086 | D:2      | Reached skill level 5 in Fighting
  1086 | D:2      | Gained mutation: You regenerate a little health from kills. [demonic ancestry]
  1086 | D:2      | Reached XP level 4. HP: 17/39 MP: 2/5
  1385 | D:2      | Reached ** piety under Lugonu
  1731 | D:3      | Found a stormy altar of Qazlal.
  1737 | D:3      | Noticed an air elemental
  1739 | D:3      | Noticed a fire elemental
  1739 | D:3      | Noticed an earth elemental
  1739 | D:3      | Noticed a water elemental
  1759 | D:3      | Gained mutation: You are partially covered in large bone plates. (SH +4) [demonic ancestry]
  1759 | D:3      | Reached XP level 5. HP: 46/46 MP: 4/6
  1917 | D:3      | Noticed Limpidissima's ghost (amateur MiFi)
  1922 | D:3      | Noticed Ijyb
  1967 | D:2      | Killed Ijyb
  1967 | D:2      | Reached skill level 6 in Fighting
  2099 | D:3      | Noticed a phantom
  2151 | D:3      | Killed a phantom
  2151 | D:3      | Reached XP level 6. HP: 16/53 MP: 3/7
  2454 | D:4      | Found Xaheulu's Jewellery Boutique.
  2500 | D:4      | Reached skill level 7 in Fighting
  2506 | D:4      | Found a staircase to the Ecumenical Temple.
  2514 | D:4      | Noticed lorenzova's ghost (amateur DECj)
  2561 | D:4      | Found a shadowy altar of Dithmenos.
  2570 | D:4      | Found a deep blue altar of Sif Muna.
  2582 | D:4      | Found a sparkling altar of Nemelex Xobeh.
  2652 | D:4      | Killed from afar by lorenzova's ghost

Skill      XL: |  1  2  3  4  5  6 |
---------------+-------------------+-----
Fighting       | 4 5 6 7 |  7.7
Axes           | |  1.7
Armour         | |  1.7
Dodging        | |  0.8
Invocations    | |  2.4

Action                   |  1- 3 |  4- 6 || total
-------------------------+-------+-------++-------
Melee: Hand axe          |    79 |   193 ||   272
       Kick              |    11 |    38 ||    49
Invok: Depart the Abyss  |     1 |       ||     1
Evoke: Wand              |       |     2 ||     2
  Use: Scroll            |     3 |     5 ||     8
       Potion            |     1 |     6 ||     7
  Eat: Ration            |     1 |     1 ||     2
Armor: Ring mail         |     8 |       ||     8
       Leather armour    |     1 |       ||     1
       Scale mail        |    35 |   110 ||   145
Dodge: Dodged            |    35 |    91 ||   126
Block: Other             |       |    20 ||    20
